 Dungeon Crawl Stone Soup version 0.31-a0-355-g57cb03d3e8 (webtiles) character file.

Game seed: 3679624798588947292

769 hashsling the Conjurer (level 7, -3/45 HPs)
             Began as a Gargoyle Conjurer on July 24, 2023.
             Was an Initiate of Okawaru.
             Killed by divine providence
             ... invoked by an orc priest
              (14 damage)
             ... on level 4 of the Dungeon.
             The game lasted 00:13:05 (4285 turns).

hashsling the Conjurer (Gargoyle Conjurer)          Turns: 4285, Time: 00:13:07

Health: -3/45      AC: 15    Str: 12    XL:     7   Next: 82%
Magic:  10/10      EV: 10    Int: 19    God:    Okawaru [......]
Gold:   250        SH:  0    Dex:  8    Spells: 6/10 levels left

rFire   . . .        g - +2 hand axe (elec)
rCold   . . .        (no shield)
rNeg    + . .        k - +0 ring mail
rPois   ∞            (no helmet)
rElec   +            (no cloak)
rCorr   .            (no gloves)
SInv    .            (no boots)
Will    .....        s - amulet of the acrobat
Stlth   +            f - +4 ring of protection
HPRegen 0.27/turn    (no ring)
MPRegen 0.12/turn

%: acrobat
@: no status effects
A: sickness immunity, AC +4, negative energy resistance 1, electricity
resistance, torment resistance 1, petrification resistance
a: Renounce Religion


You were on level 4 of the Dungeon.
You worshipped Okawaru.
Okawaru was noncommittal.
You visited 2 branches of the dungeon, and saw 6 of its levels.

You collected 250 gold pieces.

Inventory:

Hand Weapons
 g - a +2 hand axe of electrocution (weapon)
Missiles
 j - 50 stones
Armour
 k - a +0 ring mail (worn)
 v - a +0 chain mail
Jewellery
 f - a +4 ring of protection (left hand)
 s - an amulet of the acrobat (around neck)
Wands
 q - a wand of light (2)
 u - a wand of polymorph (13)
Scrolls
 c - 4 scrolls of torment {unknown}
 d - 4 scrolls of teleportation {unknown}
 e - 3 scrolls of identify {unknown}
 m - 3 scrolls of poison {unknown}
 p - a scroll of blinking {unknown}
 r - a scroll of noise {unknown}
Potions
 a - a potion of degeneration {unknown}
 b - a potion of magic
 h - 3 potions of curing {unknown}
 i - a potion of enlightenment {unknown}
 l - a potion of lignification {unknown}
 n - a potion of berserk rage {unknown}
 o - 3 potions of brilliance {unknown}
 t - a potion of invisibility {unknown}
 w - a potion of might {unknown}


   Skills:
 * Level 5.6 Fighting
 * Level 5.3 Armour
 - Level 2.0 Dodging
 - Level 2.1 Stealth
 - Level 2.0 Spellcasting
 + Level 6.0 Conjurations


You had 6 spell levels left.
You knew the following spells:

 Your Spells              Type           Power      Damage    Failure   Level
a - Magic Dart            Conj           96%        1d7       3%          1
b - Dazzling Flash        Conj/Hex       26%        N/A       30%         3

Your spell library contained the following spells:

 Spells                   Type           Power      Damage    Failure   Level
 Searing Ray              Conj           48%        2d6       4%          2
 Fulminant Prism          Conj/Hex       6%         3d6       69%         4
 Iskenderun's Mystic Bla  Conj/Tloc      13%        2d5       69%         4


Dungeon Overview and Level Annotations

Branches:
Dungeon (5/15)             Temple (1/1) D:4

Altars:
Cheibriados
Dithmenos
Elyvilon
Fedhas
Gozag
Hepliaklqana
Kikubaaqudgha
Makhleb
Nemelex Xobeh
Okawaru
Ru
Trog
Uskayaw
Vehumet
Wu Jian
Xom
Yredelemnul


Innate Abilities, Weirdness & Mutations

You are immune to sickness and miasma.
Your stone body is resilient. (AC +4)
You are immune to poison.
You resist negative energy. (rN+)
You are resistant to electric shocks. (rElec)
You are resistant to unholy torment.
You are immune to petrification.


Message History

The water moccasin barely misses you.
The orc priest invokes the aid of Beogh against you.
Beogh smites you!
* * * LOW HITPOINT WARNING * * *
You closely miss the water moccasin.
The water moccasin is moderately wounded.
The water moccasin bites you but does no damage. x2
You barely miss the water moccasin.
The water moccasin is moderately wounded.
The water moccasin closely misses you. x2
You hit the water moccasin.
The water moccasin is heavily wounded.
The water moccasin barely misses you. The water moccasin bites you.
* * * LOW HITPOINT WARNING * * *
You hit the water moccasin.
The water moccasin is severely wounded.
The water moccasin bites you but does no damage.
The water moccasin barely misses you.
You hit the water moccasin.
The water moccasin is almost dead.
The water moccasin barely misses you. The water moccasin bites you.
* * * LOW HITPOINT WARNING * * *
You barely miss the water moccasin.
The water moccasin is almost dead.
The water moccasin bites you but does no damage.
The water moccasin barely misses you.
You hit the water moccasin but do no damage.
The water moccasin is almost dead.
The water moccasin bites you but does no damage.
You hit the water moccasin.
You kill the water moccasin!
Okawaru accepts your kill.
Your Conjurations skill increases to level 6!
You hit the orc priest but do no damage.
Lightning courses through the orc priest!
The orc priest is almost dead.
The orc priest barely misses you.
The orc priest calls down the wrath of Beogh upon you.
Beogh smites you!
You die...

#.....).# ##. ###....## #.
#.....## #. #......# #.
#......# #. ##...#)# #.
##.##.#########.
###############.........)..##.
#............@o.)##)#########.
#.#############..##.# #. #.#
#..##.# ####. #.# #.>##.###
#.... #.#############..##...#
#.⌠.. #..................)..#
#.... ###.......#####..####.#
####. #.#####†## #..####.# #.
#.# ##...## #.......# ####.


You could see an orc priest.

Vanquished Creatures
  A water moccasin (D:4)
  A black bear (D:4)
  A phantom (D:4)
  2 scorpions
  2 hounds
  An orc priest (D:4)
  Jessica (D:2)
  3 orc wizards (D:4)
  2 iguanas
  Ijyb (D:4)
  5 adders
  A worm (D:4)
  2 dart slugs
  11 orcs (D:4)
  5 endoplasms
  2 giant cockroaches
  3 goblins
  5 hobgoblins
  3 jackals (D:4)
  6 kobolds
  4 quokkas
  8 ball pythons
  A bat (D:3)
  6 frilled lizards
  4 rats
81 creatures vanquished.

Notes
Turn   | Place    | Note
-------+----------+-------------------------------------------
     0 | D:1      | hashsling the Gargoyle Conjurer began the quest for the
                  | Orb.
     0 | D:1      | Reached XP level 1. HP: 10/10 MP: 3/3
   232 | D:1      | Reached skill level 1 in Fighting
   270 | D:1      | Reached XP level 2. HP: 16/16 MP: 0/5
   977 | D:2      | Reached XP level 3. HP: 21/21 MP: 3/6
  1072 | D:2      | Learned a level 3 spell: Dazzling Flash
  1085 | D:2      | Noticed Jessica
  1095 | D:2      | Killed Jessica
  1096 | D:2      | Reached skill level 1 in Armour
  1096 | D:2      | Reached XP level 4. HP: 21/27 MP: 5/7
  1633 | D:2      | Found a hide-covered altar of Uskayaw.
  2085 | D:3      | Reached XP level 5. HP: 32/32 MP: 4/8
  2580 | D:3      | Reached skill level 5 in Conjurations
  2819 | D:4      | Reached XP level 6. HP: 38/38 MP: 1/9
  2935 | D:4      | Noticed Ijyb
  2949 | D:4      | Killed Ijyb
  3178 | D:4      | Noticed a black bear
  3186 | D:4      | Killed a black bear
  3187 | D:4      | Reached XP level 7. HP: 12/44 MP: 10/10
  3342 | D:4      | Reached skill level 5 in Fighting
  3838 | D:4      | Found a staircase to the Ecumenical Temple.
  3852 | Temple   | Entered the Ecumenical Temple
  3865 | Temple   | Became a worshipper of Warmaster Okawaru
  3902 | D:5      | Entered Level 5 of the Dungeon
  3992 | D:4      | Reached skill level 5 in Armour
  4285 | D:4      | Reached skill level 6 in Conjurations
  4285 | D:4      | Killed from afar by an orc priest

Illustrated notes

Levels and vault maps discovered:
D:1:      dpeg_arrival_long_road, layout_rooms
D:2:      layout_loops_ring, basic_altar, minivault_4, uniq_jessica
D:3:      minmay_door_path, layout_loops_ring,
          wander_ebering_terrifying_dragon_lair
D:4:      layout_loops_ring, minmay_temple_entry_junction, uniq_ijyb
D:5:      layout_basic, mainiacjoe_overflow_alcove_4, uniq_menkaure
Temple:   nicolae_temple_bog_church

Skill      XL: |  1  2  3  4  5  6  7 |
---------------+----------------------+-----
Fighting       | 1 2 3 4 5 |  5.6
Dodging        | 2 |  2.0
Armour         | 1 2 3 4 5 |  5.3
Conjurations   | 5 6 |  6.0
Stealth        | |  2.1
Spellcasting   | |  2.0

Action                     |  1- 3 |  4- 6 |  7- 9 || total
---------------------------+-------+-------+-------++-------
  Melee: Unarmed           |     3 |       |       ||     3
         Hand axe          |    17 |    57 |    51 ||   125
   Cast: Magic Dart        |    39 |    56 |    54 ||   149
 Armour: Robe              |     4 |     1 |       ||     5
         Ring mail         |       |    35 |    44 ||    79
         Skin              |       |     3 |       ||     3
  Dodge: Dodged            |    18 |    36 |    30 ||    84

Table legend: (Time is in decaauts)
 A = Elapsed time spent in this place.
 B = Non-inter-level travel time spent in this place.
 C = Inter-level travel time spent in this place.
 D = Time resting spent in this place.
 E = Time spent auto-exploring this place.
 F = Levels seen in this place.
 G = Mean time per level.
                   A        B        C        D        E       F      G
               +--------+--------+--------+--------+--------+-----+--------+
         Total |   4323 |   4126 |    197 |      0 |   3532 |   6 |  720.5 |
       Dungeon |   4297 |   4112 |    185 |      0 |   3532 |   5 |  859.4 |
        Temple |     26 |     14 |     12 |      0 |      0 |   1 |   26.0 |
               +--------+--------+--------+--------+--------+-----+--------+

Top non-repeatable levels by time:
     D:4: 1473 daAuts
     D:3: 1051 daAuts
     D:2: 887 daAuts
     D:1: 880 daAuts
  Temple: 26 daAuts
     D:5: 4 daAuts
